 Dungeon Crawl Stone Soup version 0.32-a0-872-g59262bdc9b (webtiles) character file.

Game seed: 17494525617042052338

51 Goblin1989 the Trooper (level 3, 0/33 HPs)
             Began as a Mountain Dwarf Fighter on Mar 30, 2024.
             Succumbed to a goblin's poison
             ... on level 3 of the Dungeon.
             The game lasted 00:02:48 (1754 turns).

Goblin1989 the Trooper (Mountain Dwarf Fighter)     Turns: 1754, Time: 00:02:49

Health: 0/33       AC:  8    Str: 20    XL:     3   Next: 58%
Magic:  3/3        EV:  8    Int:  8    God:
Gold:   64         SH:  4    Dex:  9    Spells: 2/2 levels left

rFire   + . .        a - +0 flail
rCold   + . .        c - +0 buckler
rNeg    . . .        b - +0 scale mail
rPois   +            (no helmet)
rElec   +            r - scarf {shadows}
rCorr   +            g - +0 pair of gloves
SInv    .            (no boots)
Will    +....        k - amulet of guardian spirit Stlth
                     (no ring)
HPRegen 0.25/turn    (no ring)
MPRegen 0.08/turn

%: guardian spirit
@: brilliant, lethally poisoned (0 -> -25), resistant, enlightened, flying,
hasted, very quick
A: runic magic, artefact enchanting
a: no special abilities


You were on level 3 of the Dungeon.
You visited 1 branch of the dungeon, and saw 3 of its levels.

You collected 64 gold pieces.

Inventory:

Hand Weapons
 a - a +0 flail (weapon)
Armour
 b - a +0 scale mail (worn)
 c - a +0 buckler (worn)
 g - a +0 pair of gloves (worn)
 r - a scarf of shadows (worn)
Jewellery
 k - an amulet of guardian spirit (around neck)
Scrolls
 h - a scroll of fog {unknown}
 j - 2 scrolls of noise {unknown}
 m - 2 scrolls of identify {unknown}
 n - a scroll of amnesia {unknown}
 p - a scroll of torment {unknown}
 s - a scroll of teleportation {unknown}
Potions
 d - a potion of might {@q4}
 o - a potion of heal wounds {@q2}


   Skills:
 + Level 3.7 Fighting
 * Level 3.6 Maces & Flails
 + Level 3.7 Armour
 + Level 3.7 Shields


You had 2 spell levels left.
You didn't know any spells.
Your spell library contained the following spells:

 Spells                   Type           Power      Damage    Failure   Level
 Blink                    Tloc           0%         N/A       71%         2
 Lesser Beckoning         Tloc           0%         N/A       71%         2
 Momentum Strike          Conj/Tloc      0%         3d8       71%         2


Dungeon Overview and Level Annotations

Branches:
Dungeon (3/15) Zot: 16210

Altars:

Shops:
D:1 =


Innate Abilities, Weirdness & Mutations

Your spellcasting is much less encumbered by armour.
You can use scrolls of enchantment on lesser artefacts.


Message History

The adder bites you but does no damage. The goblin closely misses you.
You take 5 damage, and have 20/33 hp.
You barely miss the adder.
The adder is lightly wounded.
You feel very sick. The adder bites you but does no damage.
The goblin hits you but does no damage.
You are more poisoned.
You block the adder's attack. The goblin barely misses you.
You take 4 damage, and have 16/33 hp.
You closely miss the adder.
The adder is lightly wounded.
* * * LOW HITPOINT WARNING * * *
You feel very sick. The adder bites you but does no damage.
The goblin barely misses you. You block the adder's attack.
You take 4 damage, and have 12/33 hp.
You barely miss the adder.
The adder is lightly wounded.
* * * LOW HITPOINT WARNING * * *
You feel very sick. The adder barely misses you. You block the goblin's attack.
You take 3 damage, and have 9/33 hp.
You barely miss the adder.
The adder is lightly wounded.
* * * LOW HITPOINT WARNING * * *
You feel very sick. The adder bites you.
* * * LOW HITPOINT WARNING * * *
You are more poisoned.
The adder poisons you! The goblin barely misses you.
You block the adder's attack.
You take 5 damage, and have 4/33 hp.
You miss the adder.
The adder is lightly wounded.
* * * LOW HITPOINT WARNING * * *
You feel very sick. The adder bites you but does no damage.
The goblin barely misses you. The adder bites you.
You are more poisoned.
The adder poisons you! The goblin completely misses you.
You take 3 damage, and have 1/33 hp.
You now have 0/3 mp.
You feel much better.
You feel very sick. The adder bites you.
You are more poisoned.
The adder poisons you! The goblin hits you but does no damage.
You are lethally poisoned!
You regained 16 hp, and now have 17/33 hp.
It was a potion of enlightenment.
You feel very buoyant.
You fly up into the air.
* * * LOW HITPOINT WARNING * * *
You feel very sick. You block the adder's attack.
The goblin hits you but does no damage.
You are more poisoned.
You take 6 damage, and have 11/33 hp.
It was a potion of haste.
You feel yourself speed up.
* * * LOW HITPOINT WARNING * * *
You feel very sick.
The adder barely misses you. x2; The goblin hits you but does no damage.
You are more poisoned.
You take 5 damage, and have 6/33 hp.
You feel much better.
You feel very sick. The adder barely misses you.
You regained 20 hp, and now have 26/33 hp.
It was a potion of resistance.
You feel protected.
You feel very sick. The goblin hits you but does no damage.
You block the adder's attack.
You take 4 damage, and have 22/33 hp.
It was a potion of brilliance.
You feel clever all of a sudden.
You feel very sick. The goblin hits you but does no damage.
You are more poisoned.
You take 3 damage, and have 19/33 hp.
It was a potion of magic.
Magic courses through your body.
You feel very sick. The adder misses you.
You take 4 damage, and have 15/33 hp.
MP restored: 3
Okay, then.
You hit the adder.
The adder is moderately wounded.
* * * LOW HITPOINT WARNING * * *
You feel very sick. The adder bites you but does no damage.
The goblin hits you but does no damage.
You are more poisoned.
The adder bites you but does no damage.
You take 5 damage, and have 10/33 hp.
You barely miss the adder.
The adder is moderately wounded.
* * * LOW HITPOINT WARNING * * *
You feel very sick. The goblin barely misses you. The adder closely misses you.
You take 6 damage, and have 4/33 hp.
You barely miss the adder.
The adder is moderately wounded.
You die...

..............
███...........†. ... .█
............... ......
██.............
....█.███..............
...............(......
. ......█.█.....██....
...██(g..█ ██.██████...
.....S@.█████.██████...
██████.................
█....█......... ██
█...(..........
███............
█............
..............
█.............
..............


You could see an adder and a goblin.

Vanquished Creatures
  An adder (D:2)
  A dart slug (D:2)
  3 ball pythons
  3 endoplasms
  2 giant cockroaches
  5 goblins
  5 hobgoblins
  4 jackals (D:2)
  A quokka (D:1)
  3 bats
  A frilled lizard (D:1)
  4 kobolds
  3 rats
36 creatures vanquished.

Notes
Turn   | Place    | Note
-------+----------+-------------------------------------------
     0 | D:1      | Goblin1989 the Mountain Dwarf Fighter began the quest for
                  | the Orb.
     0 | D:1      | Reached XP level 1. HP: 19/19 MP: 1/1
    61 | D:1      | Found Ihyfoow's Jewellery Shoppe.
   166 | D:1      | Reached XP level 2. HP: 26/26 MP: 2/2
   252 | D:1      | You fall into a shaft and drop 1 floor!
   487 | D:2      | Reached XP level 3. HP: 31/31 MP: 3/3
  1744 | D:3      | HP: 1/33 [poisoned by an adder]
  1754 | D:3      | Succumbed to a goblin's poison

Illustrated notes

Levels and vault maps discovered:
D:1:      doesnt_arrival_eight_statues, layout_loops_ring, serial_shops,
          nicolae_square_shop, serial_glass, glass_columns_c, glass_columns_b,
          glass_columns_b, glass_columns_c, grunt_decor_fettered
D:2:      layout_basic, nrook_loot_triangle
D:3:      layout_rooms, shapermc_ecumenical_altar_ellora, minmay_misc_feat_roman

Skill      XL: |  1  2 |
---------------+-------+-----
Maces & Flails | 3 |  3.6
Fighting       | |  3.7
Armour         | |  3.7
Shields        | |  3.7

Action                     || total
---------------------------++-------
  Melee: Flail             ||   136
    Use: Potion            ||     8
 Armour: Scale mail        ||   139
  Dodge: Dodged            ||    86
  Block: Buckler           ||    39

Table legend: (Time is in decaauts)
 A = Elapsed time spent in this place.
 B = Non-inter-level travel time spent in this place.
 C = Inter-level travel time spent in this place.
 D = Time resting spent in this place.
 E = Time spent auto-exploring this place.
 F = Levels seen in this place.
 G = Mean time per level.
                   A        B        C        D        E       F      G
               +--------+--------+--------+--------+--------+-----+--------+
         Total |   1789 |   1632 |    157 |      0 |   1321 |   3 |  596.3 |
       Dungeon |   1789 |   1632 |    157 |      0 |   1321 |   3 |  596.3 |
               +--------+--------+--------+--------+--------+-----+--------+

Top non-repeatable levels by time:
     D:2: 1070 daAuts
     D:1: 630 daAuts
     D:3: 88 daAuts
